 Dungeon Crawl Stone Soup version 0.25-a0-21-ga5a8db46c7 (webtiles) character file.

Game seed: 8261295487941253109, levelgen mode: deterministic

10494 MalarOregon the Fighter (level 11, -7/99 HPs)
             Began as a Purple Draconian Conjurer on Oct 15, 2019.
             Was an Initiate of Gozag.
             Mangled by a yak (12 damage)
             ... on level 10 of the Dungeon on Oct 16, 2019.
             The game lasted 00:18:39 (12506 turns).

MalarOregon the Fighter (DrCj)                     Turns: 12506, Time: 00:18:39

Health: -7/99      AC:  8    Str: 11    XL:     11   Next: 36%
Magic:  22/22      EV: 16    Int: 18    God:    Gozag
Gold:   1011       SH:  0    Dex: 12    Spells: 23/24 levels left

rFire    . . .     SeeInvis .   y - +8 frozen axe "Frostbite" {freezing cloud, *Noise +Fly rC+}
rCold    + . .     Gourm    .   (shield currently unavailable)
rNeg     . . .     Faith    .   (armour unavailable)
rPois    .         Spirit   .   (helmet restricted)
rElec    .         Reflect  .   (no cloak)
rCorr    .         Harm     .   (no gloves)
MR       +....                  c - +0 pair of boots
Stlth    ++........             (no amulet)
HPRegen  0.26/turn              (no ring)
MPRegen  0.18/turn              (no ring)

@: gold aura
A: breathe power, unfitting armour, cold-blooded, AC +7
a: Breathe Dispelling Energy, Potion Petition, Call Merchant, Bribe Branch,
Renounce Religion, Evoke Flight


You were on level 10 of the Dungeon.
You worshipped Gozag.
Gozag was most pleased with you.
You were not hungry.

You visited 2 branches of the dungeon, and saw 11 of its levels.

You collected 1385 gold pieces.
You spent 264 gold pieces at shops.
You paid 110 gold pieces to Gozag.

Inventory:

Hand Weapons
 j - a +3 short sword of freezing
   (You took it off a kobold on level 1 of the Dungeon)
 y - the +8 frozen axe "Frostbite" (weapon) {freezing cloud, *Noise +Fly rC+}
   (You found it on level 6 of the Dungeon)

   It has been specially enchanted to freeze those struck by it, causing extra
   injury to most foes and up to half again as much damage against particularly
   susceptible opponents.
   It can also slow down cold-blooded creatures.
   It protects you from cold.
   It lets you fly.
   It may make noises in combat.
 G - a +0 scimitar of flaming
   (You took it off Erica on level 8 of the Dungeon)
Missiles
 J - 4 throwing nets (quivered) {!f}
Armour
 c - a +0 pair of boots (worn)
   (You found it on level 1 of the Dungeon)
 k - a +0 buckler
   (You found it on level 1 of the Dungeon)
 z - the +2 shield "Hevveevu" {-Cast rC+ Int+6, unknown}
   (You found it on level 6 of the Dungeon)

   It affects your intelligence (+6).
   It protects you from cold.
   It prevents spellcasting.
Jewellery
 g - an uncursed amulet of rage {unknown}
   (You found it on level 4 of the Dungeon)
 A - a cursed ring of attention {unknown}
   (You found it on level 6 of the Dungeon)
 F - a +2 ring of strength {unknown}
   (You found it on level 7 of the Dungeon)
 H - an uncursed ring of protection from cold {unknown}
   (You found it on level 8 of the Dungeon)
 M - an uncursed ring of resist corrosion
   (You took it off a centaur on level 9 of the Dungeon)
Wands
 d - a wand of iceblast (7)
   (You found it on level 9 of the Dungeon)
 t - a wand of flame (25)
   (You found it on level 4 of the Dungeon)
 x - a wand of enslavement (14)
   (You found it on level 6 of the Dungeon)
Scrolls
 b - 3 scrolls of blinking
 f - 11 scrolls of remove curse {@r2}
 i - 4 scrolls of teleportation {@r4}
 n - 6 scrolls of identify {@r1}
 p - 2 scrolls of immolation {unknown}
 s - a scroll of noise {unknown}
 v - a scroll of enchant armour {unknown}
 w - 2 scrolls of fear {unknown}
 B - 3 scrolls of vulnerability {unknown}
 C - 2 scrolls of enchant weapon
 D - a scroll of amnesia
 K - a scroll of holy word {unknown}
Potions
 a - a potion of resistance {unknown}
 h - a potion of agility
 l - 2 potions of mutation {unknown}
 m - 3 potions of haste {@q3}
 o - 3 potions of flight
 q - 3 potions of lignification {unknown}
 r - a potion of degeneration {unknown}
 u - 2 potions of curing {@q1}
 E - 7 potions of brilliance {unknown}
 I - a potion of ambrosia {unknown}
 L - a potion of cancellation {unknown}
 N - a potion of might {unknown}
Miscellaneous
 O - a sack of spiders
Comestibles
 e - 5 rations {!d}


   Skills:
 * Level 10.0 Fighting
 - Level 3.6 Short Blades
 * Level 7.8 Axes
 * Level 8.6 Dodging
 - Level 1.7 Stealth
 + Level 7.4 Spellcasting
 + Level 7.5 Conjurations


You had 23 spell levels left.
You knew the following spells:

 Your Spells              Type           Power        Failure   Level  Hunger
a - Magic Dart            Conj           ####         1%          1    None

Your spell library contained the following spells:

 Spells                   Type           Power        Failure   Level  Hunger
 Searing Ray              Conj           ####..       1%          2    None
 Shock                    Conj/Air       ###.         2%          1    None
 Iskenderun's Mystic Bla  Conj           ####....     4%          4    ###....
 Conjure Flame            Conj/Fire      ###.....     7%          3    #......
 Dazzling Spray           Conj/Hex       ###...       7%          3    #......
 Static Discharge         Conj/Air       ###.....     7%          3    #......
 Animate Skeleton         Necr           N/A          11%         1    None
 Apportation              Tloc           #.....       11%         1    None
 Confusing Touch          Hex            #.....       11%         1    None
 Corona                   Hex            #......      11%         1    None
 Summon Small Mammal      Summ           #...         11%         1    None
 Mephitic Cloud           Conj/Pois/Air  ###.....     11%         3    #......
 Blink                    Tloc           N/A          16%         2    None
 Call Imp                 Summ           #.......     16%         2    None
 Slow                     Hex            #.......     16%         2    None
 Swiftness                Chrm/Air       #.......     16%         2    None
 Force Lance              Conj/Tloc      ###.....     22%         4    ###....
 Fulminant Prism          Conj/Hex       ###.......   22%         4    ###....
 Inner Flame              Hex/Fire       #.......     30%         3    #......
 Portal Projectile        Hex/Tloc       #.....       30%         3    #......
 Lightning Bolt           Conj/Air       ###.......   52%         5    #####..
 Airstrike                Air            #.........   71%         4    ###....
 Cause Fear               Hex            #.........   71%         4    ###....
 Leda's Liquefaction      Hex/Erth       #.........   71%         4    ###....


Dungeon Overview and Level Annotations

Branches:
Dungeon (10/15)            Temple (1/1) D:6
   Lair: D:8-11         Orc: D:9-12

Altars:
Ashenzari
Cheibriados
Dithmenos
Elyvilon
Fedhas
Gozag
Hepliaklqana
Kikubaaqudgha
Makhleb
Nemelex Xobeh
Okawaru
Qazlal
Ru
Sif Muna
Trog
Uskayaw
Vehumet
Wu Jian
Xom
Yredelemnul
Zin
The Shining One

Shops:
D:5 [!*%:   D:7 *


Innate Abilities, Weirdness & Mutations

You can breathe bolts of dispelling energy.
Your rich purple scales are hard. (AC +7)
You cannot fit into any form of body armour.
You are cold-blooded and may be slowed by cold attacks.


Message History

Okay, then.
You slash the yak! You freeze the yak.
You kill the yak!
You slash the orc! You freeze the orc.
You kill the orc!
You barely miss the yak.
You hear a shout!
The yak closely misses you.
You barely miss the orc priest. You tail-slap the orc priest.
You closely miss the yak. The yak misses you.
The orc priest closely misses you.
The orc becomes distracted by the nearby gold, dreaming of imaginary riches.
The yak closely misses you.
The orc shouts!
You slash the orc priest! You freeze the orc priest.
You hit the yak but do no damage. The orc priest closely misses you.
The yak gores you!
* * * LOW HITPOINT WARNING * * *
An orc comes into view. It is wielding a +0 mace.
The yak becomes distracted by the nearby gold, dreaming of imaginary riches.
The orc becomes distracted by the nearby gold, dreaming of imaginary riches.
The orc priest barely misses you.
The orc grunts repeatedly, as Orcs often do.
The yak bellows!
You see here 15 gold pieces.
You completely miss the orc priest.
The orc shouts!
You slash the yak! You freeze the yak.
The yak is no longer distracted by gold.
You hear shards of ice tinkling.
You slash the orc! You freeze the orc.
You kill the orc!
You hear a shout! x8
The yak gores you but does no damage.
The orc priest casts a cantrip, but nothing happens.
The yak gores you!
* * * LOW HITPOINT WARNING * * *
The orc becomes distracted by the nearby gold, dreaming of imaginary riches.
The orc priest completely misses you.
The orc shouts!
You slice the orc priest!! You freeze the orc priest.
You kill the orc priest!
You completely miss the orc.
The orc is no longer distracted by gold.
You slash the yak! You freeze the yak.
The orc is no longer distracted by gold.
The orc becomes distracted by the nearby gold, dreaming of imaginary riches.
The yak gores you!
You die...
Your body crumbles into a pile of gold.

#.......$.$$...'....#
+..........$...##...#
#......###$$...# .#
........# #.....# ..
........# #.....## o
.......###......#.#
.......#........#.#
.... #......$$'.#
#.......$Y@###
#..........ooo....
#.......######....
'.......# ..
#...###.# #... #.#
### #.#


You could see a yak and 4 orcs.

Vanquished Creatures
  Harold (D:9)
  Erica (D:8)
  2 two-headed ogres
  An unseen horror (D:9)
  Psyche (D:8)
  A gargoyle (D:10)
  A troll (D:9)
  Prince Ribbit (D:8)
  Grinder (D:4)
  2 hippogriffs
  7 yaks
  Grum (D:8)
  An acid dragon (D:6)
  2 sky beasts
  6 ice beasts
  2 phantoms
  3 orc warriors
  4 wolves (D:8)
  5 centaurs
  An ogre (D:8)
  5 bullfrogs
  A wyvern skeleton (D:8)
  6 killer bees (D:9)
  5 wights (D:6)
  7 howler monkeys
  A bullfrog zombie (D:6)
  4 crimson imps
  A quasit (D:8)
  7 orc priests
  A bullfrog skeleton (D:5)
  A centaur zombie (D:6)
  5 hounds
  Ijyb (D:4)
  An iguana (D:9)
  4 orc wizards
  10 worker ants
  A killer bee zombie (D:9)
  A hound skeleton (D:8)
  2 worker ant zombies
  10 adders
  3 adder skeletons
  5 worms
  6 leopard geckos
  49 orcs
  9 bats
  4 giant cockroaches
  2 gnoll zombies (D:2)
  13 goblins
  5 hobgoblins
  18 jackals
  6 quokkas
  A ball python (D:1)
  6 frilled lizards
  2 jackal skeletons
  A jackal zombie (D:7)
  10 kobolds
  A leopard gecko zombie (D:7)
  9 rats
268 creatures vanquished.

Notes
Turn   | Place    | Note
-------+----------+-------------------------------------------
     0 | D:1      | MalarOregon the Draconian Conjurer began the quest for the
                  | Orb.
     0 | D:1      | Reached XP level 1. HP: 14/14 MP: 3/3
   164 | D:1      | Reached XP level 2. HP: 21/22 MP: 0/5
   249 | D:1      | Reached skill level 1 in Fighting
  1193 | D:1      | Reached XP level 3. HP: 21/28 MP: 0/6
  1570 | D:2      | Reached skill level 2 in Fighting
  1579 | D:2      | Reached skill level 1 in Short Blades
  1781 | D:2      | Reached XP level 4. HP: 35/36 MP: 3/7
  1916 | D:2      | Found a basalt altar of Yredelemnul.
  2690 | D:3      | Reached XP level 5. HP: 42/42 MP: 0/8
  2775 | D:3      | Found a glowing silver altar of Zin.
  2775 | D:3      | Found an iron altar of Okawaru.
  2899 | D:3      | Found a shadowy altar of Dithmenos.
  3211 | D:3      | Found a hide-covered altar of Uskayaw.
  3382 | D:4      | Reached skill level 3 in Fighting
  3802 | D:4      | Noticed Ijyb
  3822 | D:4      | Killed Ijyb
  3822 | D:4      | Reached XP level 6. HP: 50/51 MP: 10/10
  3965 | D:4      | Noticed Grinder
  3973 | D:4      | Paralysed by Grinder for 6 turns
  3984 | D:4      | Paralysed by Grinder for 6 turns
  3990 | D:4      | Killed Grinder
  3990 | D:4      | Reached skill level 4 in Fighting
  4556 | D:5      | Entered Level 5 of the Dungeon
  4706 | D:5      | Your scales start taking on a rich purple colour.
  4706 | D:5      | Reached XP level 7. HP: 52/59 MP: 12/12
  4727 | D:5      | Found Dyfaik's Assorted Antiques.
  4749 | D:5      | Bought a scroll labeled UNINEU ROSAFE for 30 gold pieces
  4749 | D:5      | Bought a scroll of remove curse for 90 gold pieces
  4749 | D:5      | Bought a pink potion for 27 gold pieces
  4749 | D:5      | Bought a fizzy purple potion for 27 gold pieces
  5286 | D:5      | Found Duriaw's Food Emporium.
  5306 | D:5      | Reached skill level 5 in Conjurations
  5319 | D:5      | Found Teacs's Book Boutique.
  5546 | D:5      | Found a sparkling altar of Nemelex Xobeh.
  5546 | D:5      | Found a shimmering altar of Xom.
  5571 | D:5      | Found Roaj's Distillery.
  5588 | D:5      | Found Xephuuw's Antique Armour Shop.
  5720 | D:5      | You fall into a shaft and drop 2 floors!
  5772 | D:6      | Found the +8 frozen axe "Frostbite" {freezing cloud, *Noise
                  | +Fly rC+}
  5954 | D:6      | Reached skill level 5 in Fighting
  5957 | D:6      | Reached skill level 1 in Axes
  5957 | D:6      | Reached XP level 8. HP: 43/68 MP: 14/14
  6321 | D:6      | Got a scorched shield
  6426 | D:6      | Found a staircase to the Ecumenical Temple.
  6640 | D:6      | Found a sacrificial altar of Ru.
  6714 | D:6      | Reached skill level 5 in Dodging
  7037 | D:6      | Found a sacrificial altar of Ru.
  7302 | D:6      | Found a staircase to the Ecumenical Temple.
  7474 | Temple   | Entered the Ecumenical Temple
  7675 | Temple   | Became a worshipper of Gozag Ym Sagoz the Greedy
  7839 | D:7      | Reached skill level 6 in Fighting
  8297 | D:7      | Found Wait Fuc's General Store.
  8341 | D:7      | Reached skill level 5 in Spellcasting
  8346 | D:7      | Found an ancient bone altar of Kikubaaqudgha.
  8369 | D:7      | Found a radiant altar of Vehumet.
  8430 | D:7      | Reached XP level 9. HP: 78/78 MP: 16/16
  8554 | D:7      | Bought a potion of flight for 45 gold pieces
  8554 | D:7      | Bought a potion of curing for 45 gold pieces
  8836 | D:8      | Noticed Erica
  8846 | D:8      | Killed Erica
  8846 | D:8      | Reached skill level 7 in Fighting
  9368 | D:8      | Noticed Prince Ribbit
  9526 | D:8      | Reached skill level 5 in Axes
  9552 | D:8      | Noticed Grum
  9563 | D:8      | Killed Grum
  9780 | D:8      | Noticed Psyche
  9831 | D:8      | Reached skill level 8 in Fighting
  9831 | D:8      | Reached XP level 10. HP: 54/88 MP: 19/19
  9842 | D:8      | Killed Psyche
 10420 | D:8      | Killed Prince Ribbit
 10767 | D:9      | Noticed Harold
 10780 | D:9      | Killed Harold
 10784 | D:9      | Killed an unseen horror
 10974 | D:9      | Reached skill level 9 in Fighting
 11050 | D:9      | Found an ornate altar of the Wu Jian Council.
 11079 | D:9      | Noticed a two-headed ogre
 11096 | D:9      | Killed a two-headed ogre
 11393 | D:9      | Reached XP level 11. HP: 29/97 MP: 21/21
 12165 | D:10     | Entered Level 10 of the Dungeon
 12272 | D:10     | Noticed a two-headed ogre
 12279 | D:10     | Killed a two-headed ogre
 12497 | D:10     | Reached skill level 10 in Fighting
 12506 | D:10     | Mangled by a yak

Levels and vault maps discovered:
D:1:      evilmike_arrival_run_for_it, layout_rooms, minmay_pentomino_z4
D:2:      layout_basic, lemuel_zombie_altar_yredelemnul, first_ration
D:3:      layout_basic, overflow_temple_1_default, lemuel_round_altar,
          grunt_temple_overflow_open
D:4:      layout_loops_ring, minmay_misc_feat_tower, uniq_grinder, uniq_ijyb
D:5:      layout_basic, gammafunk_temple_overflow_statue, serial_shops,
          nicolae_shop_behind_doors, shop, shop, shop, nicolae_shop_stone
D:6:      layout_rooms, nicolae_ru_the_path_less_chosen, temple_hall,
          skrybe_limestone_x, grunt_tough_drop
D:7:      layout_loops_ring, lemuel_doored_altar, kennysheep_mini_moat,
          serial_shops, shop
D:8:      layout_layer_cave, uniq_prince_ribbit1, uniq_psyche, uniq_erica,
          uniq_grum
D:9:      layout_basic, lemuel_crystal_altar, uniq_harold
D:10:     layout_basic, hiddenorc2_lemuel
Temple:   minmay_temple_curvy_loop

Skill      XL: |  1  2  3  4  5  6  7  8  9 10 11 |
---------------+----------------------------------+-----
Dodging        | 2 3 4 5 6 8 |  8.6
Fighting       | 1 2 3 4 5 6 8 9 10 | 10.0
Short Blades   | 1 2 3 |  3.6
Spellcasting   | 3 4 5 6 7 |  7.4
Conjurations   | 5 6 7 |  7.5
Axes           | 1 3 5 7 |  7.8
Stealth        | |  1.7

Action                   |  1- 3 |  4- 6 |  7- 9 | 10-12 || total
-------------------------+-------+-------+-------+-------++-------
Melee: Dagger            |    50 |       |       |       ||    50
       Short sword       |    37 |   217 |    56 |       ||   310
       Tailslap          |     5 |    17 |    21 |    16 ||    59
       Executioner's axe |       |       |   135 |   173 ||   308
 Cast: Magic Dart        |    53 |    20 |    17 |       ||    90
Invok: Potion Petition   |       |       |       |     1 ||     1
 Abil: Breathe Dispellin |       |       |     1 |       ||     1
Evoke: Wand              |       |     4 |     5 |       ||     9
  Use: Scroll            |       |     9 |       |     1 ||    10
       Potion            |       |       |     1 |     2 ||     3
 Stab: Sleeping          |       |     1 |     4 |     1 ||     6
       Distracted        |       |       |     1 |     5 ||     6
  Eat: Chunk             |     4 |     8 |     6 |       ||    18
       Ration            |       |       |     4 |     2 ||     6
Armor: Skin              |    34 |    70 |    65 |    60 ||   229
Dodge: Dodged            |    45 |   134 |   188 |   215 ||   582
Block: Buckler           |     3 |    25 |     5 |       ||    33

Table legend:
 A = Non-vault XP
 B = Vault XP
 C = Vault XP percentage of total XP
 D = Non-vault monster count
 E = Vault monster count
 F = Vault count percentage of total count
                 A         B        C        D         E       F
            +---------+---------+-------+---------+---------+-------
      Total |   10819 |    4173 |  27.8 |     238 |      30 |  11.2
            +---------+---------+-------+---------+---------+-------
        D:1 |      34 |       9 |  20.9 |      22 |       3 |  12.0
        D:2 |     135 |       3 |   2.2 |      34 |       2 |   5.6
        D:3 |      73 |       0 |   0.0 |      30 |       0 |   0.0
        D:4 |     162 |     308 |  65.5 |      14 |       2 |  12.5
        D:5 |     506 |       0 |   0.0 |      11 |       0 |   0.0
        D:6 |     418 |     347 |  45.4 |      14 |       5 |  26.3
        D:7 |    1051 |       0 |   0.0 |      20 |       0 |   0.0
        D:8 |    1199 |    2343 |  66.1 |      29 |       8 |  21.6
        D:9 |    4542 |    1060 |  18.9 |      51 |       1 |   1.9
       D:10 |    2699 |     103 |   3.7 |      13 |       9 |  40.9
            +---------+---------+-------+---------+---------+-------
